 Dungeon Sprint DCSS version 0.17-b1-18-g553e9fc (webtiles) character file.

928 Iamburgie the Fighter (level 7, -3/79 (81) HPs)
             Began as a Minotaur Fighter on Nov 4, 2015.
             Slain by a sphinx (6 damage)
             ... summoned by Kirke
             ... in the Dungeon (Sprint II: "The Violet Keep of Menkaure").
             The game lasted 00:02:28 (623 turns).

Iamburgie the Fighter (Minotaur Fighter)             Turns: 623, Time: 00:02:28

HP:   -3/79 (81)    AC:  0    Str: 21    XL:     7   Next: 85%
MP:   6/6           EV: 13    Int:  5    God:
Gold: 529           SH:  0    Dex: 11    Spells: 0 memorised, 6 levels left

rFire  . . .     SeeInvis .     (weapon currently unavailable)
rCold  . . .     Clarity  .     (armour currently unavailable)
rNeg   . . .     SustAt   .     (shield currently unavailable)
rPois  .         Gourm    .     (helmet currently unavailable)
rElec  .         Spirit   .     (cloak currently unavailable)
rCorr  .         Warding  .     (gloves currently unavailable)
rMut   .         NoTele   +     (boots currently unavailable)
MR     .....                    (no amulet)
Stlth  +.........               (ring currently unavailable)
                                (ring currently unavailable)

@: pig-form, slowed, not resistant to hostile enchantments, very unstealthy
A: (retaliatory headbutt), (horns 0)
a: no special abilities


You were in the Dungeon.
You were not hungry.
You were a filthy swine.
You visited 1 branch You collected 729 gold pieces.
You spent 200 gold pieces at shops.

Inventory:

Hand Weapons
 a - a +0 long sword
 l - the +4 falchion "Gram" (melded) {slice, rF++ Str-2 Dex+5}
   (You bought it in a shop in the Dungeon)

   It inflicts extra damage upon your enemies.
   It affects your strength (-2).
   It affects your dexterity (+5).
   It greatly protects you from fire.
Armour
 b - a +0 scale mail (melded)
 c - a +0 shield (melded)
Scrolls
 k - a scroll of blinking
Potions
 f - a potion of curing
 g - a potion of heal wounds
 h - a potion of haste
 i - 2 potions of magic
 j - a potion of berserk rage
Comestibles
 d - 5 chunks of flesh
 e - a bread ration


   Skills:
 + Level 14.3 Fighting
 + Level 14.1 Long Blades
 - Level 3.6 Armour
 - Level 3.6 Shields


You had 6 spell levels left.
You didn't know any spells.

Dungeon Overview and Level Annotations

Branches:
Dungeon (1/1)

Altars:

Shops:
D !:([=%?=!*(}[:[(

Annotations:
D exclusion: oklob plant, Kirke


Innate Abilities, Weirdness & Mutations

((You reflexively headbutt those who attack you in melee.))
((You have a pair of horns on your head.))


Message History

You turn into a filthy swine.
The +4 falchion "Gram" {slice, rF++ Str-2 Dex+5} melds into your body.
Your +0 shield melds into your body.
Your +0 scale mail melds into your body.
The sphinx barely misses you. The sphinx hits you. The sphinx hits you!
* * * LOW HITPOINT WARNING * * *
Really attack barehanded?
Your unstable footing causes you to fumble your attack.
Kirke barely misses you.
The sphinx casts a spell.
You feel yourself slow down.
Your unstable footing causes you to fumble your attack.
The sphinx hits you!
* * * LOW HITPOINT WARNING * * *
The sphinx barely misses you. The sphinx hits you!
* * * LOW HITPOINT WARNING * * *
Kirke closely misses you.
The kobold demonologist gestures wildly while chanting.
The sphinx hits you.
You die...

### #44z#### #4YKc@h##
############H≈#+++#+
###########≈≈≈......
##∩.∩.....#≈≈≈≈.##+##
##.∩.∩....#≈≈≈≈##. .##
##..∩.∩...#≈≈≈≈#.. ..#
##...∩.∩..#≈≈####.#.#
##....∩.⌠.#≈##.# #†#
##...∩.∩..#≈#..###.####


You could see Kirke, a sphinx, a yaktaur captain, an elephant, a skeletal
warrior, an orange demon, a hellwing, a rust devil and a kobold demonologist.

Vanquished Creatures
  A siren (D)
  Menkaure (D)
  4 necrophages (D)
  4 worker ants (D)
  2 worms (D)
12 creatures vanquished.

Notes
Turn   | Place    | Note
--------------------------------------------------------------
     0 | D        | Iamburgie the Minotaur Fighter began the quest for the Orb.
     0 | D        | Reached XP level 1. HP: 19/19 MP: 0/0
     1 | D        | Noticed a siren
    16 | D        | Killed a siren
    16 | D        | Reached skill level 11 in Fighting
    16 | D        | Reached XP level 2. HP: 9/40 MP: 1/1
    16 | D        | Reached XP level 3. HP: 10/47 MP: 2/2
    16 | D        | Reached XP level 4. HP: 11/55 MP: 3/3
    16 | D        | Reached XP level 5. HP: 12/61 MP: 4/4
    16 | D        | Reached XP level 6. HP: 13/68 MP: 5/5
   308 | D        | Noticed a necrophage
   308 | D        | Noticed a necrophage
   308 | D        | Noticed a necrophage
   308 | D        | Noticed a necrophage
   315 | D        | Killed a necrophage
   315 | D        | Reached skill level 12 in Fighting
   322 | D        | Killed a necrophage
   322 | D        | Reached XP level 7. HP: 61/77 MP: 6/6
   331 | D        | Killed a necrophage
   331 | D        | Reached skill level 13 in Fighting
   335 | D        | Killed a necrophage
   445 | D        | Noticed a worker ant
   445 | D        | Noticed a worker ant
   446 | D        | Noticed a worker ant
   447 | D        | Noticed a worker ant
   449 | D        | Killed a worker ant
   454 | D        | Killed a worker ant
   457 | D        | Killed a worker ant
   458 | D        | Killed a worker ant
   458 | D        | Reached skill level 14 in Fighting
   537 | D        | Found Cuaqaon's Antique Armour Boutique.
   537 | D        | Found Tiagou Aptuo's Antique Armour Boutique.
   537 | D        | Found Byimp's Gadget Shop.
   538 | D        | Found Esuybam's Antique Weapon Shop.
   538 | D        | Found Faelle's Weapon Shop.
   538 | D        | Found Rotuenlu's General Store.
   538 | D        | Found Xounox's Distillery.
   538 | D        | Found Quloulur's Jewellery Boutique.
   539 | D        | Found Oluggosa's Food Boutique.
   539 | D        | Found Weqory's Jewellery Shop.
   540 | D        | Found Demept's Book Shop.
   540 | D        | Found Wiylepta's Magic Scroll Boutique.
   540 | D        | Noticed a spiny frog
   541 | D        | Noticed a spiny frog
   541 | D        | Found Urelyfia's Armour Boutique.
   541 | D        | Found Xularet's Antique Weapon Shop.
   541 | D        | Noticed Menkaure
   541 | D        | Noticed an oklob plant
   542 | D        | Found Wejiynat's Book Shoppe.
   542 | D        | Found Woosomp's Distillery.
   543 | D        | Noticed a great orb of eyes
   552 | D        | Killed Menkaure
   583 | D        | Noticed a flying skull
   586 | D        | Noticed a flying skull
   592 | D        | Bought a twisted falchion for 200 gold pieces
   596 | D        | Identified the +4 falchion "Gram" {slice, rF++ Str-2 Dex+5} (You bought it in a shop in the Dungeon)
   612 | D        | Noticed an elephant
   612 | D        | Noticed a centaur warrior
   612 | D        | Noticed Kirke
   612 | D        | Noticed a skeletal warrior
   612 | D        | Noticed a yaktaur captain
   612 | D        | Noticed a kobold demonologist
   615 | D        | Noticed a sphinx
   615 | D        | Noticed a hellwing
   619 | D        | Noticed a rust devil
   623 | D        | HP: 3/79 [sphinx[Kirke] (9)]
   623 | D        | Slain by a sphinx

Action                   |  1- 3 |  4- 6 |  7- 9 || total
-------------------------+-------+-------+-------++-------
Melee: Long sword        |    13 |    17 |    27 ||    57
       Falchion          |       |       |     8 ||     8
       Unarmed           |       |       |     2 ||     2
  Use: Potion            |     1 |       |       ||     1
